 Dungeon Crawl Stone Soup version 0.29.1-2-gbd0b4ee654 (webtiles) character file.

Game seed: 6573565390180469072

2760 Hiippo the Trooper (level 9, -2/81 HPs)
             Began as a Minotaur Abyssal Knight on Nov 28, 2022.
             Was an Elder of Lugonu.
             Hit by a javelin thrown by something (9 damage)
             ... on level 8 of the Dungeon on Nov 29, 2022.
             The game lasted 01:37:47 (9071 turns).

Hiippo the Trooper (Minotaur Abyssal Knight)        Turns: 9071, Time: 01:37:47

Health: -2/81      AC: 14    Str: 22    XL:     9   Next: 41%
Magic:  20/21      EV:  7    Int:  7    God:    Lugonu [****..]
Gold:   0          SH:  0    Dex: 11    Spells: 8/8 levels left

rFire   . . .      SeeInvis .   q - +3 great sword (freeze)
rCold   . . .      Faith    .   (shield currently unavailable)
rNeg    . . .      Spirit   .   E - +1 plate armour
rPois   .          Reflect  .   (helmet restricted)
rElec   .          Harm     .   (no cloak)
rCorr   .          Rampage  .   (no gloves)
Will    .....                   (no boots)
Stlth   ..........              (no amulet)
HPRegen 0.23/turn               m - ring of magical power
MPRegen 0.17/turn               (no ring)

@: no status effects
A: horns 2, retaliatory headbutt, talons 1, inability to drink after injury 1
a: Renounce Religion, Depart the Abyss, Bend Space, Banish, Corrupt


You were on level 8 of the Dungeon.
You worshipped Lugonu.
Lugonu was greatly pleased with you.
You visited 1 branch of the dungeon, and saw 8 of its levels.
You visited the Abyss 1 time.

Inventory:

Hand Weapons
 q - a +3 great sword of freezing (weapon)
Missiles
 i - 28 stones (quivered)
Armour
 b - the +1 chain mail of the Trombone {rPois rC- Will+++ rCorr}
   (You found it on level 7 of the Dungeon)

   rC:        It makes you vulnerable to cold.
   rPois:     It protects you from poison.
   rCorr:     It protects you from acid and corrosion.
   Will:      It greatly increases your willpower.
 E - a +1 plate armour (worn)
Jewellery
 m - a ring of magical power (left hand)
Wands
 v - a wand of roots (9)
 w - a wand of mindburst (2)
Scrolls
 c - 2 scrolls of amnesia
 d - a scroll of torment
 o - a scroll of silence
 r - 2 scrolls of enchant armour
 A - a scroll of identify
 D - a scroll of teleportation
 G - a scroll of noise
Potions
 g - a potion of mutation
 u - a potion of ambrosia
 x - a potion of lignification
 F - 2 potions of flight
 H - a potion of haste


   Skills:
 + Level 7.9 Fighting
 * Level 7.3 Long Blades
 - Level 2.8(3.9) Axes
 - Level 4.2(4.7) Polearms
 - Level 3.7 Throwing
 + Level 7.0 Armour
 - Level 2.0 Dodging
 - Level 0.4 Stealth
 + Level 5.5 Invocations
 - Level 0.2 Evocations


You had 8 spell levels left.
You didn't know any spells.
Your spell library contained the following spells:

 Spells                   Type           Power      Damage    Failure   Level
 Summon Small Mammal      Summ           0%         N/A       100%        1
 Scorch                   Fire           0%         2d5       100%        2
 Call Canine Familiar     Summ           0%         N/A       100%        3
 Summon Guardian Golem    Hex/Summ       0%         N/A       100%        3
 Flame Wave               Conj/Fire      0%         2d4       100%        4
 Summon Cactus Giant      Summ           0%         N/A       100%        6


Dungeon Overview and Level Annotations

Branches:
Dungeon (8/15)             Temple (0/1) D:4
   Lair: D:8-11

Altars:
Dithmenos
Makhleb
Okawaru
Ru
The Shining One

Annotations:
D:8 Maurice
Abyss:1 Sigmund


Innate Abilities, Weirdness & Mutations

You have a pair of horns on your head.
You reflexively headbutt those who attack you in melee.
You have sharp toenails.
You occasionally lose the ability to drink potions when taking damage.


Message History

The roots erupt in riotous growth!
The grasping roots grab you!
You are constricted!
* * * LOW HITPOINT WARNING * * *
You are confused.
You feel invigorated. Something hits you but does no damage.
You are constricted.
* * * LOW HITPOINT WARNING * * *
You are too confused!
You are too confused!
You're too confused to move!
Something hits you.
* * * LOW HITPOINT WARNING * * *
Something steals 363 gold pieces!
You now have 0 gold pieces.
You are constricted.
* * * LOW HITPOINT WARNING * * *
The grasping roots release their grip on you.
You bump into the rock wall.
Something hits you!
* * * LOW HITPOINT WARNING * * *
Something grunts, "Curses!"
You closely miss something. Your kick misses something.
You feel less invigorated.
You feel less confused.
You hear a zap.
The roots erupt in riotous growth!
The grasping roots grab you!
You are constricted.
* * * LOW HITPOINT WARNING * * *
You closely miss something. Something hits you.
* * * LOW HITPOINT WARNING * * *
Something steals your potion of resistance!
You are constricted.
* * * LOW HITPOINT WARNING * * *
Space bends violently around you!
You escape the roots grasp.
You blink.
A javelin appears from out of thin air!
The javelin pierces through you but does no damage.
Aiming: Mindburst
Press: ? - help, Q - select action, (/) - cycle Shift-Dir - straight line Something's mind is blasted!
A javelin appears from out of thin air!
The javelin pierces through you!
You die...

#.. .o ##.# †#
#..####@###.##
#.....§z......
#.{####..####.
##)# #.## #..
##)####.#####..#
#.))...........##
##@.............
#####..........
###........#
#..........#
######...###
##...# ##...####
##.......#
###..#._.#.#


There were no monsters in sight!

Vanquished Creatures
  A steam dragon (D:7)
  Duvessa (D:4)
  An ogre (D:4)
  2 centaurs
  A kobold brigand (D:6)
  Blork the orc (D:6)
  4 bullfrogs
  3 necrophages
  2 scorpions
  9 wights
  Dowan (D:4)
  A howler monkey (D:8)
  2 jellies
  5 orc priests
  2 hounds
  Natasha (thrice) (D:4)
  4 orc wizards
  7 iguanas
  8 adders
  4 gnolls (D:5)
  2 white imps (D:5)
  3 worms
  7 dart slugs
  13 orcs
  2 bats
  3 endoplasms
  3 giant cockroaches
  8 goblins
  4 hobgoblins
  2 jackals (D:2)
  9 quokkas
  7 ball pythons
  3 frilled lizards
  15 kobolds
  A quokka zombie (D:7)
  7 rats
  A rat zombie (D:7)
152 creatures vanquished.

Notes
Turn   | Place    | Note
-------+----------+-------------------------------------------
     0 | Abyss:1  | Hiippo the Minotaur Abyssal Knight began the quest for the
                  | Orb.
     0 | Abyss:1  | Reached XP level 1. HP: 19/19 MP: 1/1
    92 | Abyss:1  | Found a corrupted altar of Lugonu.
   171 | Abyss:1  | Noticed a harpy skeleton
   171 | Abyss:1  | Noticed a spriggan defender skeleton
   172 | D:1      | Escaped the Abyss
   245 | D:1      | Reached ** piety under Lugonu
   318 | D:1      | Reached XP level 2. HP: 27/27 MP: 2/2
   503 | D:1      | Reached XP level 3. HP: 26/33 MP: 3/3
   703 | D:1      | Found a faded altar of an unknown god.
  1329 | D:2      | Reached skill level 1 in Throwing
  1574 | D:2      | Reached XP level 4. HP: 41/41 MP: 4/4
  2083 | D:3      | Noticed a scorpion
  2090 | D:3      | Killed a scorpion
  2401 | D:3      | Reached *** piety under Lugonu
  2402 | D:3      | Reached XP level 5. HP: 43/47 MP: 5/5
  2571 | D:3      | Found a glowing golden altar of the Shining One.
  3107 | D:4      | Found a sacrificial altar of Ru.
  3108 | D:4      | Noticed Duvessa
  3108 | D:4      | Noticed Dowan
  3108 | D:4      | Noticed an ogre
  3119 | D:4      | Reached skill level 5 in Fighting
  3128 | D:5      | Entered Level 5 of the Dungeon
  3207 | D:4      | Noticed Sigmund
  3208 | D:4      | Banished Sigmund
  3209 | D:4      | Reached skill level 1 in Axes
  3209 | D:4      | Reached XP level 6. HP: 56/56 MP: 6/6
  3215 | D:4      | Found a staircase to the Ecumenical Temple.
  3236 | D:4      | Killed Duvessa
  3237 | D:4      | Reached XP level 7. HP: 61/61 MP: 7/7
  3243 | D:4      | Killed Dowan
  3656 | D:4      | Noticed Natasha
  3678 | D:4      | Killed Natasha
  3681 | D:4      | Reached skill level 1 in Long Blades
  3891 | D:4      | Found a shadowy altar of Dithmenos.
  4034 | D:4      | Noticed Natasha
  4050 | D:4      | Killed Natasha
  4056 | D:4      | Noticed Natasha
  4064 | D:4      | Killed Natasha
  4600 | D:5      | Reached skill level 5 in Armour
  4600 | D:5      | Reached XP level 8. HP: 69/70 MP: 9/9
  6326 | D:6      | Noticed Blork the orc
  6334 | D:6      | Killed Blork the orc
  6335 | D:6      | Reached skill level 5 in Long Blades
  6656 | D:6      | Reached **** piety under Lugonu
  7371 | D:7      | Reached XP level 9. HP: 26/76 MP: 11/11
  7926 | D:7      | Identified the +1 chain mail of the Trombone {rPois rC-
                  | Will+++ rCorr}
  7941 | D:7      | Reached skill level 5 in Invocations
  8048 | D:7      | Found a sand-covered staircase.
  8615 | D:7      | Found a burning altar of Makhleb.
  8823 | D:7      | Gained mutation: You occasionally lose the ability to drink
                  | potions when taking damage. [potion of mutation]
  8823 | D:7      | Gained mutation: You have sharp toenails. [potion of
                  | mutation]
  8883 | D:8      | Found an iron altar of Okawaru.
  9025 | D:8      | Noticed Maurice
  9071 | D:8      | Hit by a javelin thrown by something

Illustrated notes

Levels and vault maps discovered:
D:1:      heliophobic_arrival_glass_houses, layout_rooms,
          dreamdust_ecumenical_altar_grove
D:2:      layout_rooms
D:3:      layout_rooms, mainiacjoe_overflow_alcove_1, minivault_5, hex_large,
          corexii_hall_statues_u
D:4:      layout_rooms, lemuel_crystal_altar, nicolae_dithmenos_shadow_blocks,
          minmay_temple_entry_trees, uniq_natasha, uniq_duvessa, uniq_sigmund
D:5:      layout_basic, minmay_misc_feat_ornament, eino_tiny_chamber
D:6:      layout_loops_corners, uniq_blork_the_orc
D:7:      layout_basic, mainiacjoe_overflow_six_doors_small, enter_ossuary_4
D:8:      layout_cave_pods, mainiacjoe_overflow_tiny_flanked,
          mainiacjoe_overflow_surrounded_room, serial_shops,
          nicolae_shop_window_shopping, amcnicky_mini_corridor_feature,
          minmay_diced_spiral, uniq_grum, uniq_psyche, uniq_maurice

Skill      XL: |  1  2  3  4  5  6  7  8  9 |
---------------+----------------------------+-----
Fighting       | 4 5 6 7 |  7.9
Polearms       | 3 4 |  4.2
Throwing       | 1 2 3 |  3.7
Armour         | 3 4 5 6 7 |  7.0
Invocations    | 2 3 4 5 |  5.5
Axes           | 1 2 |  2.8
Dodging        | 2 |  2.0
Long Blades    | 2 6 7 |  7.3
Stealth        | |  0.4
Evocations     | |  0.2

Action                   |  1- 3 |  4- 6 |  7- 9 || total
-------------------------+-------+-------+-------++-------
Melee: Spear             |    70 |       |       ||    70
       Headbutt          |    10 |     5 |    33 ||    48
       Hand axe          |       |    20 |    23 ||    43
       Punch             |       |     1 |     1 ||     2
       Falchion          |       |       |   142 ||   142
       Great sword       |       |       |    40 ||    40
       Kick              |       |       |     4 ||     4
Throw: Javelin           |    43 |    27 |    45 ||   115
       Stone             |     6 |     7 |    28 ||    41
       Dart              |     5 |     6 |    17 ||    28
Invok: Depart the Abyss  |     1 |       |       ||     1
       Bend Space        |       |     1 |     4 ||     5
       Banish            |       |     1 |       ||     1
Evoke: Wand              |       |     5 |    11 ||    16
  Use: Scroll            |       |     5 |    15 ||    20
       Potion            |       |       |     9 ||     9
Armor: Leather armour    |     6 |     3 |       ||     9
       Scale mail        |       |     2 |    24 ||    26
       Chain mail        |       |       |    21 ||    21
       Plate armour      |       |       |    84 ||    84
Dodge: Dodged            |    26 |     9 |   100 ||   135
